 Dungeon Crawl Stone Soup version 0.22-a0-3-g4fa69d9 (webtiles) character file.

407 nikopol the Chopper (level 6, -5/84 HPs)
             Began as a Minotaur Berserker on Jan 1, 2018.
             Was a Priest of Trog.
             Slain by an ogre
             ... wielding a +0 giant club
              (26 damage)
             ... on level 4 of the Dungeon.
             The game lasted 00:06:35 (2715 turns).

nikopol the Chopper (Minotaur Berserker)            Turns: 2715, Time: 00:06:36

Health: -5/84      AC:  5    Str: 26    XL:     6   Next: 57%
Magic:  5/5        EV: 12    Int:  4    God:    Trog [***...]
Gold:   160        SH:  0    Dex: 12    Spells: 5/5 levels left

rFire    . . .     SeeInvis .   a - +0 hand axe
rCold    . . .     Gourm    .   (no shield)
rNeg     . . .     Faith    .   j - +0 ring mail
rPois    .         Spirit   .   (helmet restricted)
rElec    .         Reflect  .   (no cloak)
rCorr    .         Harm     .   (no gloves)
MR       .....                  (no boots)
Stlth    ..........             (no amulet)
HPRegen  0.24/turn              (no ring)
MPRegen  0.09/turn              (no ring)

@: berserking, very quick
A: retaliatory headbutt, horns 2
a: Berserk, Trog's Hand, Burn Spellbooks, Renounce Religion


You were on level 4 of the Dungeon.
You worshipped Trog.
Trog was most pleased with you.
You were hungry.

You visited 1 branch of the dungeon, and saw 4 of its levels.

You collected 160 gold pieces.

Inventory:

Hand Weapons
 a - a +0 hand axe (weapon)
Missiles
 n - 13 bolts
Armour
 b - a +0 animal skin
 j - a +0 ring mail (worn)
Jewellery
 l - an uncursed ring of protection from fire {unknown}
Scrolls
 d - a scroll of enchant armour {unknown}
 g - a scroll of magic mapping {unknown}
 h - a scroll of immolation {unknown}
 i - a scroll of fear {unknown}
 k - a scroll of amnesia {unknown}
 m - a scroll of identify {unknown}
 r - a scroll of fog {unknown}
 s - a scroll of teleportation {unknown}
 t - a scroll of remove curse {unknown}
Potions
 e - 2 potions of agility {unknown}
 f - a potion of resistance {unknown}
 o - 2 potions of heal wounds {unknown}
 p - a potion of lignification {unknown}
Comestibles
 c - 3 rations
 q - a chunk of flesh


   Skills:
 + Level 5.5 Fighting
 + Level 6.4 Axes
 + Level 4.2 Armour
 + Level 3.0 Dodging
 + Level 1.0 Stealth


You had 5 spell levels left.
You didn't know any spells.

Dungeon Overview and Level Annotations

Branches:
Dungeon (4/15)
 Temple: D:4-7

Altars:
Xom
Yredelemnul

Shops:
D:4 [


Innate Abilities, Weirdness & Mutations

You reflexively headbutt those who attack you in melee.
You have a pair of horns on your head.


Message History

Your Armour skill increases to level 4!
Your Dodging skill increases to level 3!
You see here a giant club.
You hit the ogre.
The ogre is lightly wounded.
The ogre hits you with a giant club!
You hit the ogre but do no damage.
The ogre is lightly wounded.
The ogre misses you. You furiously retaliate!
You headbutt the ogre! You closely miss the ogre.
The ogre is heavily wounded.
The ogre hits you with a giant club!!
* * * LOW HITPOINT WARNING * * *
A red film seems to cover your vision as you go berserk!
You feel yourself moving faster!
You feel mighty!
You are feeling hungry.
You hit the ogre.
The ogre is heavily wounded.
The ogre hits you with a giant club!!
You die...

.................#
≈.####..##.......#
≈ ###.........# ≈§
#.#.......# ≈≈≈
#........##
≈≈..#####.........#
≈.....#............
......>.#........
......O@.%.......
....#..#......... .
. #.###........ ...
......... ...
#......... .....
.......... ..#.
..#........ ###.
.##........ .#
#........


You could see an ogre.

Vanquished Creatures
  An ogre (D:4)
  The ghost of theanonym the Sneak, an amateur SpAs (D:3)
  An orc priest (D:3)
  An orc wizard (D:3)
  A worker ant (D:4)
  6 adders
  3 gnolls (D:3)
  3 worms (D:2)
  A dart slug (D:1)
  4 leopard geckos
  8 orcs
  6 giant cockroaches
  2 gnoll zombies (D:2)
  6 goblins
  5 hobgoblins
  5 jackals (D:2)
  10 kobolds
  A quokka (D:3)
  2 ball pythons
  6 bats
  2 frilled lizards
  13 rats
88 creatures vanquished.

Notes
Turn   | Place    | Note
-------+----------+-------------------------------------------
     0 | D:1      | nikopol the Minotaur Berserker began the quest for the Orb.
     0 | D:1      | Reached XP level 1. HP: 19/19 MP: 0/0
   119 | D:1      | Reached XP level 2. HP: 27/27 MP: 1/1
   151 | D:1      | Reached skill level 4 in Axes
   675 | D:2      | Reached ** piety under Trog
   710 | D:2      | Reached XP level 3. HP: 29/33 MP: 2/2
   825 | D:2      | Found a basalt altar of Yredelemnul.
  1068 | D:2      | Reached XP level 4. HP: 40/41 MP: 3/3
  1751 | D:3      | Found a faded altar of an unknown god.
  1775 | D:3      | Reached skill level 5 in Axes
  1858 | D:3      | Reached *** piety under Trog
  1881 | D:3      | Reached XP level 5. HP: 31/47 MP: 4/4
  2025 | D:3      | Noticed theanonym's ghost (amateur SpAs)
  2038 | D:3      | Killed theanonym's ghost
  2038 | D:3      | Reached skill level 1 in Stealth
  2079 | D:3      | Reached skill level 5 in Fighting
  2130 | D:3      | Reached XP level 6. HP: 45/56 MP: 5/5
  2206 | D:3      | Reached skill level 6 in Axes
  2208 | D:3      | Found a shimmering altar of Xom.
  2676 | D:4      | Found Wogan's Armour Shoppe.
  2715 | D:4      | Slain by an ogre

Vault maps used:
D:1:      minmay_arrival_diagonal_passages
D:2:      lemuel_zombie_altar_yredelemnul
D:3:      chequers_ecumenical_altar_lobes, kennysheep_cluttered_room, tgw_xom
D:4:      minmay_temple_entry_mist, serial_shops, nicolae_shop_waterfront,
          first_ration

Skill      XL: |  1  2  3  4  5  6 |
---------------+-------------------+-----
Fighting       | 4 5 |  5.5
Axes           | 4 5 6 |  6.4
Armour         | 3 4 |  4.2
Stealth        | 1 |  1.0
Dodging        | 3 |  3.0

Action                   |  1- 3 |  4- 6 || total
-------------------------+-------+-------++-------
Melee: Hand axe          |    80 |   117 ||   197
       Headbutt          |    15 |    18 ||    33
Invok: Berserk           |       |     2 ||     2
       Burn Spellbooks   |       |     1 ||     1
  Eat: Chunk             |       |     7 ||     7
Armor: Animal skin       |     5 |       ||     5
       Ring mail         |    16 |    37 ||    53
Dodge: Dodged            |    55 |    65 ||   120

Table legend:
 A = Spawn XP
 B = Non-spawn XP
 C = Spawn XP percentage of total XP
 D = Spawn monster count
 E = Non-spawn monster count
 F = Spawn count percentage of total count
 G = Total turns spent on level
                    A         B        C        D         E        F      G
               +---------+---------+-------+---------+---------+-------+---------
         Total |       0 |     582 |   0.0 |       0 |      88 |   0.0 |  2715
               +---------+---------+-------+---------+---------+-------+---------
           D:1 |       0 |      31 |   0.0 |       0 |      17 |   0.0 |   664
           D:2 |       0 |     126 |   0.0 |       0 |      37 |   0.0 |   981
           D:3 |       0 |     280 |   0.0 |       0 |      32 |   0.0 |  1031
           D:4 |       0 |     145 |   0.0 |       0 |       2 |   0.0 |    39
               +---------+---------+-------+---------+---------+-------+---------
